 Dungeon Crawl Stone Soup version 0.17.0-73-gb648821 (webtiles) character file.

174 losten the Charmwright (level 5, -9/41 HPs)
             Began as a Merfolk Skald on Dec 9, 2015.
             Was an Initiate of Makhleb.
             Mangled by a crocodile (17 damage)
             ... in a sewer.
             The game lasted 00:41:09 (5433 turns).

losten the Charmwright (Merfolk Skald)              Turns: 5433, Time: 00:41:10

Health: -9/41      AC:  7    Str: 14    XL:     5   Next: 54%
Magic:  8/8        EV:  5    Int: 11    God:    Makhleb [......]
Gold:   237        SH: 10    Dex: 13    Spells: 4 memorised, 0 levels left

rFire  . . .     SeeInvis .     i - +0 morningstar
rCold  . . .     Clarity  .     F - +0 scale mail
rNeg   . . .     SustAt   .     m - +0 large shield
rPois  .         Gourm    .     (no helmet)
rElec  .         Spirit   .     (no cloak)
rCorr  .         Warding  .     (no gloves)
rMut   .         Stasis   .     l - +0 pair of boots
MR     .....                    p - amulet of regeneration
Stlth  ..........               (no ring)
                                v - ring of flight

@: very slightly contaminated, hasted, very quick, not resistant to hostile
enchantments, extremely unstealthy
A: change form in water, swift swim
a: Renounce Religion, Evoke Flight


You were in a sewer.
You worshipped Makhleb.
Makhleb was noncommittal.
You were not hungry.

You visited 1 branch of the dungeon, and saw 5 of its levels.
You also visited: Sewer.

You collected 237 gold pieces.

Inventory:

Hand Weapons
 i - a +0 morningstar (weapon)
 H - a +0 mace
Missiles
 E - 10 poisoned needles
Armour
 l - a +0 pair of boots (worn)
 m - a +0 large shield (worn)
 D - a +0 ring mail
 F - a +0 scale mail (worn)
Jewellery
 e - an uncursed ring of teleportation
 j - an uncursed amulet of resist mutation
 p - an amulet of regeneration (around neck)
 v - a ring of flight (left hand)
Scrolls
 h - 5 scrolls of identify
 u - 3 scrolls of remove curse
Potions
 B - a potion of might {unknown}
Books
 c - a book of Battle

   Spells                             Type                      Level
   a - Infusion                       Charms                       1
   b - Shroud of Golubria             Charms/Translocation         2
   c - Song of Slaying                Charms                       2
   d - Spectral Weapon                Hexes/Charms                 3
   e - Regeneration                   Charms/Necromancy            3
Comestibles
 d - 4 fruits
 f - 2 meat rations
 A - 3 bread rations


   Skills:
 + Level 3.1 Fighting
   Level 2.7 Short Blades
 + Level 0.2 Maces & Flails
 + Level 2.1 Armour
 + Level 3.4 Dodging
 + Level 0.8 Stealth
 + Level 0.2 Shields
 + Level 2.1 Spellcasting
 + Level 3.9 Charms


You couldn't memorise any spells.
You knew the following spells:

 Your Spells              Type           Power        Failure   Level  Hunger
a - Infusion              Chrm           #.....       100%        1    ##.....
b - Song of Slaying       Chrm           #.......     100%        2    ###....
c - Shroud of Golubria    Chrm/Tloc      #.........   100%        2    ###....
d - Regeneration          Chrm/Necr      #.........   100%        3    ####...


Dungeon Overview and Level Annotations

Branches:
Dungeon (5/15)
 Temple: D:4-7

Altars:
Dithmenos
Elyvilon
Gozag
Makhleb
Nemelex Xobeh
Qazlal
Xom
Yredelemnul
Zin


Message History

The crocodile is moderately wounded.
You block the crocodile's attack.
You closely miss the crocodile.
The crocodile is moderately wounded.
The crocodile bites you.
You hit the crocodile.
The crocodile is heavily wounded.
The crocodile bites you!
You closely miss the crocodile.
The crocodile is heavily wounded.
The crocodile bites you.
You closely miss the crocodile.
The crocodile is heavily wounded.
The crocodile bites you.
You hit the crocodile but do no damage.
The crocodile is heavily wounded.
The crocodile bites you!
* * * LOW HITPOINT WARNING * * *
The crocodile bites you!
You die...

###### #.....# ......$
################.....$[
#..∩....@t...........?!
###########†####.....$[
#.# ......$ #.# #.....#
#†# ###### #.# #.#
##.## ##...##


You could see a crocodile.

Vanquished Creatures
  A hound (D:4)
  Natasha (D:3)
  4 adders
  2 worms (D:2)
  5 giant geckos
  3 giant cockroaches
  6 goblins
  10 hobgoblins
  2 jackals (D:3)
  2 quokkas (D:3)
  7 ball pythons
  16 bats
  A giant gecko zombie (D:5)
  A giant newt (D:1)
  6 kobolds
  4 rats
71 creatures vanquished.

Notes
Turn   | Place    | Note
--------------------------------------------------------------
     0 | D:1      | losten the Merfolk Skald began the quest for the Orb.
     0 | D:1      | Reached XP level 1. HP: 16/16 MP: 3/3
    94 | D:1      | Reached XP level 2. HP: 5/23 MP: 5/5
  1390 | D:1      | Learned a level 2 spell: Song of Slaying
  1396 | D:1      | Learned a level 2 spell: Shroud of Golubria
  1556 | D:2      | Reached XP level 3. HP: 7/28 MP: 0/6
  1830 | D:2      | Reached skill level 1 in Armour
  2438 | D:2      | Reached XP level 4. HP: 19/34 MP: 7/7
  2649 | D:3      | Noticed Natasha
  2660 | D:3      | Killed Natasha
  3668 | D:3      | Reached XP level 5. HP: 41/41 MP: 8/8
  3692 | D:3      | Learned a level 3 spell: Regeneration
  4054 | D:4      | Found a stormy altar of Qazlal.
  4081 | D:4      | Became a worshipper of Qazlal Stormbringer
  5094 | D:5      | Entered Level 5 of the Dungeon
  5193 | D:5      | Found a burning altar of Makhleb.
  5194 | D:5      | Found a shadowy altar of Dithmenos.
  5195 | D:5      | Found a shimmering altar of Xom.
  5217 | D:5      | Found a sparkling altar of Nemelex Xobeh.
  5217 | D:5      | Found a white marble altar of Elyvilon.
  5219 | D:5      | Found an opulent altar of Gozag.
  5219 | D:5      | Found a basalt altar of Yredelemnul.
  5220 | D:5      | Found a glowing silver altar of Zin.
  5222 | D:5      | Fell from the grace of Qazlal
  5222 | D:5      | Became a worshipper of Makhleb the Destroyer
  5277 | D:5      | Found a glowing drain.
  5292 | Sewer    | Entered a sewer
  5401 | Sewer    | Noticed a crocodile
  5433 | Sewer    | Mangled by a crocodile

Action                   |  1- 3 |  4- 6 || total
-------------------------+-------+-------++-------
Melee: Short sword       |   158 |    33 ||   191
       Mace              |       |    45 ||    45
       Morningstar       |       |   180 ||   180
 Cast: Song of Slaying   |     2 |       ||     2
       Infusion          |     1 |       ||     1
       Shroud of Golubri |     1 |       ||     1
       Regeneration      |       |     1 ||     1
  Use: Potion            |     1 |    10 ||    11
       Scroll            |     5 |     5 ||    10
  Eat: Bread ration      |     1 |       ||     1
       Meat ration       |     1 |     1 ||     2
       Beef jerky        |       |     1 ||     1
       Royal jelly       |       |     1 ||     1
